Map: Golden Wall LE

Players

antagomiR

  • Race: Protoss Protoss
  • Spawn Location: 7:00

UberNOobster - Winner!

  • Race: Terran Terran
  • League: Gold
  • Spawn Location: 5:00

VOD

Have the link to the VOD?

Description

Time

  • Played on: March 30, 2020, 11:11 p.m.
  • Length: 6:51
Show
View Real Time Build Order
Export as new Build Order

antagomiR Protoss 

Build Orders:  

Get SALT Encoding   

  12  0:01  Probe  
  13  0:13  Probe  
  14  0:25  Probe  
  15  0:32  Pylon  
  15  0:46  Assimilator  
  15  0:50  Probe  
  16  1:02  Probe  
  17  1:12  Gateway  
  17  1:30  Probe  
  18  1:37  Nexus  
  18  1:42  Probe (Chrono Boost)  
  19  1:52  Pylon  
  20  1:54  Probe (Chrono Boost)  
  20  2:01  Probe (Chrono Boost)  
  21  2:08  Probe  
  21  2:14  Assimilator  
  22  2:20  Probe  
  23  2:27  Cybernetics Core  
  22  2:38  Pylon  
  22  2:49  Zealot (Chrono Boost)  
  21  3:32  Stalker  
  19  3:43  Probe  
  19  3:44  Probe  
  18  3:56  Probe  
  18  4:02  Stalker  
  19  4:16  Probe  
  19  4:20  Warp Gate  
  19  4:25  Probe  
  19  4:28  Probe  
  21  4:33  Sentry  
  21  4:38  Probe  
  24  4:40  Probe  
  25  4:50  Probe  
  25  4:52  Probe  
  27  5:02  Probe, Robotics Facility  
  27  5:04  Probe  
  29  5:13  Sentry (Chrono Boost)  
  31  5:14  Probe  
  31  5:16  Probe  
  33  5:26  Probe  
  34  5:29  Probe  
  34  5:30  Zealot (Chrono Boost)  
  33  5:38  Probe  
  33  5:41  Probe  
  31  5:50  Probe  
  31  5:52  Stalker (Chrono Boost)  
Show
View Real Time Build Order
Export as new Build Order

UberNOobster Terran - Winner!

Build Orders:  

Get SALT Encoding   

  12  0:12  SCV  
  13  0:20  Supply Depot  
  13  0:21  Refinery  
  13  0:24  SCV  
  14  0:45  Barracks  
  14  0:55  Barracks  
  14  0:57  SCV  
  15  1:10  SCV  
  16  1:22  SCV  
  17  1:33  Reaper  
  17  1:34  SCV  
  17  1:39  Refinery  
  19  1:44  Supply Depot  
  19  1:46  Reaper  
  20  2:01  SCV  
  20  2:07  Barracks Tech Lab  
  21  2:15  Factory  
  21  2:16  SCV  
  21  2:18  Barracks Tech Lab  
  22  2:38  Concussive Shells  
  22  2:40  Marauder x2  
  26  2:45  Orbital Command  
  26  4:17  Marauder x2  
  26  4:19  Factory Tech Lab  
  26  4:20  SCV  
  31  4:25  Engineering Bay  
  31  4:27  Command Center  
  31  4:32  Stimpack  
  31  4:38  Supply Depot  
  35  5:00  SCV, Siege Tank  
  35  5:09  Starport  
  35  5:10  Missile Turret  
  35  5:12  SCV  
  36  5:18  Marine x2  
  38  5:23  Supply Depot  
  38  5:24  SCV  
Tags
 
League
Gold
Matchup
PvT
Replay Pack
20200422
Spawn Locations
Close Positions
Add a new tag
Caveats
  • Supply blocks, unpowered buildings, or Contaminate may cause inaccurate times.
  • Supply counts are checked every 10 seconds.